 Dungeon Crawl Stone Soup version 0.30-a0-585-g93115170b9 (webtiles) character file.

Game seed: 14486812456698941708

329 PyroL the Changer (level 6, 0/38 HPs)
             Began as an Octopode Transmuter on Jan 1, 2023.
             Slain by an ufetubus (3 damage)
             ... summoned by Eustachio
             ... on level 4 of the Dungeon.
             The game lasted 00:04:59 (3452 turns).

PyroL the Changer (Octopode Transmuter)             Turns: 3452, Time: 00:05:01

Health: 0/38       AC:  2    Str:  9    XL:     6   Next: 51%
Magic:  7/9        EV: 19    Int: 18    God:
Gold:   238        SH:  0    Dex: 17    Spells: 3/9 levels left

rFire   . . .      SeeInvis .      - Unarmed
rCold   . . .      Faith    .    (shield currently unavailable)
rNeg    . . .      Spirit   .    (helmet currently unavailable)
rPois   x          Reflect  .    (no amulet)
rElec   .          Harm     .    (no ring)
rCorr   .          Rampage  .    (no ring)
Will    .....                    (no ring)
Stlth   ++                       (no ring)
HPRegen 0.26/turn                (no ring)
MPRegen 0.11/turn                (no ring)
                                 (no ring)
                                 (no ring)

@: mighty, spider-form
A: venomous fangs, almost no armour, (amphibious), 8 rings, tiny, (camouflage
1), (gelatinous body 1), (nimble swimmer 1), (tentacles)
a: End Transformation


You were on level 4 of the Dungeon.
You were a venomous arachnid creature.
You visited 1 branch of the dungeon, and saw 4 of its levels.

You collected 238 gold pieces.

Inventory:

Missiles
 h - 2 poisoned darts
Scrolls
 b - 2 scrolls of vulnerability
 c - a scroll of noise {unknown}
 f - a scroll of blinking {unknown}
 j - 2 scrolls of identify {unknown}
 k - 3 scrolls of silence {unknown}
 l - a scroll of enchant armour {unknown}
 m - 2 scrolls of teleportation {unknown}
 n - 2 scrolls of amnesia {unknown}
Potions
 a - a potion of lignification
 d - a potion of attraction {unknown}
 e - a potion of haste {unknown}
 g - 2 potions of might
 i - 2 potions of curing
 o - a potion of invisibility {unknown}


   Skills:
 - Level 1.0 Fighting
 + Level 2.1 Dodging
 + Level 3.1 Unarmed Combat
 - Level 2.0 Spellcasting
 - Level 6.0 Transmutations
 - Level 3.0 Poison Magic


You had 3 spell levels left.
You knew the following spells:

 Your Spells              Type           Power      Damage    Failure   Level
a - Beastly Appendage     Tmut           46%        N/A       7%          1
b - Wereblood             Tmut           23%        N/A       9%          2
c - Spider Form           Tmut/Pois      18%        N/A       22%         3

Your spell library contained the following spells:

 Spells                   Type           Power      Damage    Failure   Level
 Apportation              Tloc           2%         N/A       38%         1
 Necrotise                Necr           4%         1d4       38%         1
 Summon Small Mammal      Summ           4%         N/A       38%         1
 Call Canine Familiar     Summ           1%         N/A       69%         3
 Summon Guardian Golem    Hex/Summ       1%         N/A       69%         3
 Ice Form                 Ice/Tmut       12%        N/A       67%         4


Dungeon Overview and Level Annotations

Branches:
Dungeon (4/15)
 Temple: D:4-7

Altars:
Hepliaklqana

Shops:
D:2 (

Annotations:
D:4 Dowan, Duvessa, Eustachio


Innate Abilities, Weirdness & Mutations

You are a venomous arachnid creature.
You have poisonous fangs.
You are tiny and dextrous.
Your spellcasting is less reliable in this form.
Your armour is entirely melded.
You are incapable of wielding weapons or throwing items.
You cannot wear most types of armour.
((You are amphibious.))
You can wear up to eight rings at the same time.
((Your skin changes colour to match your surroundings (Stealth+).))
((Your rubbery body absorbs attacks. (AC +1, EV +1)))
((You are camouflaged when in or above water. (Stealth+)))
((You have tentacles for arms and can constrict up to eight enemies at once.))


Message History

Eustachio casts a spell.
Eustachio blinks!
The ufetubus barely misses you. The ufetubus closely misses you.
Eustachio mumbles some strange words.
The ufetubus misses you. The ufetubus completely misses you.
Eustachio mumbles some strange words.
Things that are here:
a +0 club; an orc corpse You hit Eustachio.
Eustachio looks as sick as possible!
Eustachio is heavily wounded.
The ufetubus closely misses you.
The ufetubus hits you but does no damage.
The ufetubus completely misses you. The ufetubus misses you.
Eustachio hits you with a +0 rapier!
* * * LOW HITPOINT WARNING * * *
You barely miss Eustachio.
Eustachio is heavily wounded.
The ufetubus misses you. The ufetubus barely misses you.
The ufetubus misses you. The ufetubus barely misses you.
The river rat misses you. The bat hits you but does no damage.
You hit Eustachio but do no damage.
Eustachio is severely wounded.
The bat misses you. The ufetubus closely misses you. The ufetubus misses you.
The ufetubus hits you.
* * * LOW HITPOINT WARNING * * *
The ufetubus hits you.
* * * LOW HITPOINT WARNING * * *
The bat barely misses you. Eustachio hits you with a +0 rapier!
* * * LOW HITPOINT WARNING * * *
The river rat closely misses you. The ufetubus misses you.
The ufetubus barely misses you. The ufetubus hits you.
* * * LOW HITPOINT WARNING * * *
The ufetubus misses you.
It was a potion of might.
You feel very mighty all of a sudden. The bat barely misses you.
The ufetubus hits you.
* * * LOW HITPOINT WARNING * * *
The ufetubus misses you. Eustachio misses you. The ufetubus barely misses you.
The ufetubus hits you.
You die...

#.# .. #.#.#.#
.# #.#.#.# #.#
#.#.#.# ..#
#.#.#.###.#
#.#.#.##..#
#.#b#....##
..#####.#r#..###
.......r@s5..#
#########†5.##
#b#.....
#..###### #.##
#. .. ...


You could see Eustachio (extremely poisoned), a river rat (summoned), 2 ufetubi,
a quokka (summoned) and 2 bats.

Vanquished Creatures
  Sigmund (D:3)
  Crazy Yiuf (D:2)
  Jessica (D:2)
  5 adders
  3 worms
  A dart slug (D:1)
  3 orcs
  4 endoplasms
  2 giant cockroaches
  6 goblins
  7 hobgoblins
  4 quokkas
  4 ball pythons
  4 bats (D:2)
  2 frilled lizards
  5 kobolds
  7 rats
60 creatures vanquished.

Vanquished Creatures (others)
  3 toadstools (D:4)
3 creatures vanquished.

Grand Total: 63 creatures vanquished

Notes
Turn   | Place    | Note
-------+----------+-------------------------------------------
     0 | D:1      | PyroL the Octopode Transmuter began the quest for the Orb.
     0 | D:1      | Reached XP level 1. HP: 13/13 MP: 3/3
   177 | D:1      | Reached skill level 1 in Poison Magic
   227 | D:1      | Reached XP level 2. HP: 16/18 MP: 3/5
  1167 | D:2      | Reached XP level 3. HP: 23/23 MP: 4/6
  1172 | D:2      | Learned a level 2 spell: Wereblood
  1192 | D:2      | Learned a level 3 spell: Spider Form
  1274 | D:2      | Reached skill level 3 in Transmutations
  1380 | D:2      | Found Rodic's Weapon Shoppe.
  1595 | D:2      | Reached XP level 4. HP: 28/28 MP: 5/7
  1808 | D:2      | Noticed Jessica
  1816 | D:2      | Killed Jessica
  2012 | D:2      | Found a runed translucent door.
  2013 | D:2      | Noticed Crazy Yiuf
  2025 | D:2      | Killed Crazy Yiuf
  2026 | D:2      | Reached skill level 4 in Transmutations
  2026 | D:2      | Reached XP level 5. HP: 33/33 MP: 4/8
  2703 | D:3      | Noticed Sigmund
  3049 | D:3      | Killed Sigmund
  3050 | D:3      | Reached skill level 6 in Transmutations
  3050 | D:3      | Reached XP level 6. HP: 26/38 MP: 5/9
  3261 | D:3      | Found a faded altar of an unknown god.
  3265 | D:3      | Found a hazy altar of Hepliaklqana.
  3331 | D:4      | Noticed Dowan
  3332 | D:4      | Noticed Duvessa
  3433 | D:4      | Noticed Eustachio
  3452 | D:4      | Slain by an ufetubus

Illustrated notes

Levels and vault maps discovered:
D:1:      minmay_arrival_diagonal_passages, layout_loops_corners
D:2:      minmay_skewed_foursquare, layout_basic, serial_shops,
          nicolae_shop_bloodbath_and_beyond, uniq_crazy_yiuf_cottage,
          uniq_jessica
D:3:      layout_basic, nicolae_overflow_ecumenical_swirl, serial_rivers,
          chequers_serial_rivers_micro_c, chequers_serial_rivers_room_b,
          chequers_serial_rivers_micro_a, chequers_serial_rivers_micro_a,
          chequers_serial_rivers_micro_c, minmay_bisected, uniq_sigmund
D:4:      layout_basic, minmay_gold_behind_fungi, uniq_duvessa, uniq_robin,
          uniq_menkaure, uniq_eustachio

Skill      XL: |  1  2  3  4  5 |
---------------+----------------+-----
Poison Magic   | 1 2 3 |  3.0
Transmutations | 3 4 6 |  6.0
Fighting       | |  1.0
Dodging        | |  2.1
Unarmed Combat | |  3.1
Spellcasting   | |  2.0

Action                   |  1- 3 |  4- 6 || total
-------------------------+-------+-------++-------
Melee: Unarmed           |    62 |    80 ||   142
       Constrict         |    22 |    15 ||    37
       Kick              |    17 |    17 ||    34
       Tentacles         |    16 |     4 ||    20
       Punch             |     1 |     4 ||     5
 Cast: Beastly Appendage |    24 |    18 ||    42
       Spider Form       |       |     4 ||     4
       Wereblood         |       |     2 ||     2
  Use: Scroll            |     1 |       ||     1
       Potion            |       |     1 ||     1
 Stab: Sleeping          |     6 |     6 ||    12
Armor: Skin              |     3 |     7 ||    10
Dodge: Dodged            |    37 |   105 ||   142

Table legend: (Time is in decaauts)
 A = Elapsed time spent in this place.
 B = Non-inter-level travel time spent in this place.
 C = Inter-level travel time spent in this place.
 D = Time resting spent in this place.
 E = Time spent auto-exploring this place.
 F = Levels seen in this place.
 G = Mean time per level.
                   A        B        C        D        E       F      G
               +--------+--------+--------+--------+--------+-----+--------+
         Total |   3444 |   3329 |    115 |    207 |   2562 |   4 |  861.0 |
       Dungeon |   3444 |   3329 |    115 |    207 |   2562 |   4 |  861.0 |
               +--------+--------+--------+--------+--------+-----+--------+

Top non-repeatable levels by time:
     D:2: 1367 daAuts
     D:1: 1060 daAuts
     D:3: 922 daAuts
     D:4: 93 daAuts
